 Dungeon Crawl Stone Soup version 0.31.0-11-ge490571c62 (webtiles) character file.

Game seed: 16393605456076460519

900 qw the Skirmisher (level 7, -3/35 HPs)
             Began as a Spriggan Hunter on Feb 5, 2024.
             Slain by a killer bee (7 damage)
             ... on level 6 of the Dungeon.
             The game lasted 00:02:28 (4147 turns).

qw the Skirmisher (Spriggan Hunter)                 Turns: 4147, Time: 00:02:29

Health: -3/35      AC:  6    Str:  7    XL:     7   Next: 79%
Magic:  0/8        EV: 23    Int: 10    God:
Gold:   349        SH:  0    Dex: 21    Spells: 6/6 levels left

rFire   . . .        a - +1 shortbow
rCold   . . .        (shield currently unavailable)
rNeg    . . .        c - +0 robe
rPois   .            (helmet restricted)
rElec   .            e - scarf {repulsion}
rCorr   .            (gloves unavailable)
SInv    +            (boots unavailable)
Will    +....        l - amulet of guardian spirit
Stlth   ++           d - +4 ring of protection
HPRegen 0.25/turn    (no ring)
MPRegen 0.11/turn

%: repel missiles, guardian spirit
@: lethally poisoned (-3 -> -10), mesmerised, very quick
A: very small, no large weapons, unfitting armour, see invisible, speed 3,
mutation resistance 1
a: no special abilities


You were on level 6 of the Dungeon.
You visited 1 branch of the dungeon, and saw 6 of its levels.

You collected 349 gold pieces.


Innate Abilities, Weirdness & Mutations

You are very small and have problems with some larger weapons.
You are too small for most types of armour.
You have supernaturally acute eyesight. (SInv)
You cover ground extremely quickly. (Speed+++)
You are somewhat resistant to further mutation.


   Skills:
 - Level 2.3 Fighting
 - Level 8.0 Ranged Weapons
 + Level 7.3 Dodging
 - Level 1.5 Stealth


You had 6 spell levels left.
You didn't know any spells.
Your spell library was empty.

Inventory:

Hand Weapons
 a - a +1 shortbow (weapon)
Armour
 c - a +0 robe (worn)
 e - a scarf of repulsion (worn)
Jewellery
 d - a +4 ring of protection (left hand)
 l - an amulet of guardian spirit (around neck)
Wands
 m - a wand of flame (13)
 n - a wand of paralysis (3)
Potions
 g - a potion of enlightenment {unknown}
 h - 3 potions of curing
 i - 2 potions of mutation
 k - a potion of degeneration {unknown}

Dungeon Overview and Level Annotations

Branches:
Dungeon (6/15)
 Temple: D:4-7

Altars:
Cheibriados
Dithmenos
Elyvilon
Fedhas
Gozag
Uskayaw
Wu Jian

Annotations:
D:6 Maggie, Prince Ribbit


Message History

You feel sick. The killer bee misses you. The killer bee closely misses you.
Prince Ribbit hits you!
4143 ||| DRINKING 2 potions of heal wounds.
You feel much better.
You feel sick. The killer bee misses you. Prince Ribbit hits you!
Maggie mumbles some strange words.
Maggie attempts to bespell you!
You are mesmerised by Maggie!
The killer bee misses you.
4144 ||| DRINKING potion of heal wounds.
You feel much better.
You feel sick. The killer bee completely misses you. Prince Ribbit hits you.
Maggie hits you but does no damage. Space warps around you.
The killer bee closely misses you. Prince Ribbit completely misses you.
You shoot an arrow. The arrow hits Maggie.
Maggie is lightly wounded.
You feel sick. The killer bee completely misses you.
Maggie completely misses you. Prince Ribbit closely misses you.
The killer bee completely misses you.
You shoot an arrow. The arrow barely misses Maggie.
You feel sick. The killer bee misses you. Prince Ribbit misses you.
Maggie gestures at you while chanting.
The bolt of fire is repelled.
The killer bee closely misses you.
Prince Ribbit blinks!
4147 ||| ZAPPING wand of iceblast (1) at 2,0 (floor).
Aiming: Iceblast
Press: ? - help, Q - select action, (/) - cycle Shift-Dir - straight line, p - Maggie The mass of ice explodes!
The iceblast engulfs Maggie!
Maggie is moderately wounded.
The iceblast engulfs Prince Ribbit!!
Prince Ribbit is heavily wounded.
The now-empty wand crumbles to dust.
You feel sick.
You hear a shout! x2
The killer bee stings you.
You are more poisoned.
The killer bee poisons you!
Maggie hits you with a +0 long sword of distortion!
The killer bee stings you!
You die...

#... .... ..#
########..##.
#.#.y.y........
_ #.y....@....#
... #<....#..#
#####.##@...##.
#....yy@ยค.F....
#.....##.##....
#...... ... .
#.##### .##.. ##
.# ... .. .. .#
. ..


You could see Maggie (mesmerising), Prince Ribbit and 2 killer bees.

Vanquished Creatures
  2 ice beasts (D:5)
  An ogre (D:5)
  2 scorpions
  A killer bee (D:6)
  2 bombardier beetles (D:3)
  A jelly (D:5)
  A sleepcap (D:5)
  Ijyb (D:3)
  Terence (D:3)
  Natasha (thrice) (D:3)
  3 gnolls (D:3)
  7 adders
  A white imp (D:4)
  2 ufetubi (D:5)
  3 ribbon worms
  10 orcs
  5 ball pythons
  9 endoplasms
  4 giant cockroaches
  11 goblins
  14 hobgoblins
  8 jackals
  4 quokkas
  3 bats
  A frilled lizard (D:3)
  8 kobolds
  5 rats
113 creatures vanquished.

Notes
Turn   | Place    | Note
-------+----------+-------------------------------------------
     0 | D:1      | qw the Spriggan Hunter began the quest for the Orb.
     0 | D:1      | Reached XP level 1. HP: 10/10 MP: 2/2
     0 | D:1      | 0 ||| qw: Version: 0.3-a-160-g6735b56
     0 | D:1      | 0 ||| qw: Game counter: 6266
     0 | D:1      | 0 ||| qw: Melee chars always use a shield: true
     0 | D:1      | 0 ||| qw: God list: Okawaru
     0 | D:1      | 0 ||| qw: Allow faded altars: false
     0 | D:1      | 0 ||| qw: Do Orc after clearing Dungeon:15 true
     0 | D:1      | 0 ||| qw: Do second Lair branch before Depths: true
     0 | D:1      | 0 ||| qw: Lair rune preference: random
     0 | D:1      | 0 ||| qw: Goals: Normal
     0 | D:1      | 0 ||| PLANNING D:1-11
    61 | D:1      | Found a faded altar of an unknown god.
   107 | D:1      | Reached skill level 3 in Dodging
   156 | D:1      | Reached XP level 2. HP: 14/14 MP: 3/3
   268 | D:1      | Reached XP level 3. HP: 18/18 MP: 4/4
   530 | D:1      | 530 ||| READING scroll labelled XAESCH IFEC.
   530 | D:1      | 530 ||| IDENTIFYING sedimented dark potion
   531 | D:1      | 531 ||| READING scroll labelled MIGHOERETO.
   532 | D:1      | 532 ||| READING scroll labelled TASHRE VAUMEPH.
   633 | D:1      | 633 ||| DRINKING 2 fizzy blue potions.
   633 | D:1      | Gained mutation: You are somewhat resistant to further
                  | mutation. [potion of mutation]
   634 | D:1      | 634 ||| DROPPING scroll of butterflies.
   635 | D:1      | 635 ||| DROPPING potion of lignification.
   767 | D:2      | Reached skill level 5 in Ranged Weapons
   817 | D:2      | Reached XP level 4. HP: 16/22 MP: 5/5
   834 | D:2      | 834 ||| FLEEEEING.
   835 | D:2      | 835 ||| FLEEEEING.
  1216 | D:2      | Identified the +0 dagger of Deehupn {vamp, rN+ Str+7 Dex+2}
  1317 | D:2      | 1317 ||| UPGRADING to amulet of guardian spirit.
  1322 | D:2      | 1322 ||| UPGRADING to +4 ring of protection.
  1323 | D:2      | 1323 ||| READING scroll of identify.
  1323 | D:2      | 1323 ||| IDENTIFYING lumpy dark potion
  1324 | D:2      | 1324 ||| READING scroll labelled AHAMOC OSSAMO.
  1325 | D:2      | 1325 ||| READING scroll labelled TARECI GENGOMU.
  1326 | D:2      | 1326 ||| READING 2 scrolls labelled SATTIA QAOV.
  1327 | D:2      | 1327 ||| DROPPING scroll of fear.
  1381 | D:3      | Noticed Terence
  1388 | D:3      | Reached XP level 5. HP: 27/27 MP: 6/6
  1398 | D:3      | Killed Terence
  1416 | D:3      | Noticed Natasha
  1418 | D:3      | Killed Natasha
  1445 | D:3      | Noticed Natasha
  1451 | D:3      | Killed Natasha
  1535 | D:3      | Noticed Ijyb
  1550 | D:3      | Killed Ijyb
  1551 | D:3      | Reached skill level 6 in Ranged Weapons
  1692 | D:3      | Reached XP level 6. HP: 31/31 MP: 7/7
  1706 | D:3      | Noticed Natasha
  1710 | D:3      | Killed Natasha
  1820 | D:3      | Reached skill level 6 in Dodging
  2340 | D:3      | 2340 ||| READING scroll labelled BURCHI KYOCHYSY.
  2340 | D:3      | 2340 ||| ENCHANTING +0 shortbow.
  2341 | D:3      | 2341 ||| DRINKING 3 green potions.
  2342 | D:3      | 2342 ||| DRINKING 2 fizzy red potions.
  2343 | D:3      | 2343 ||| DROPPING 2 potions of invisibility.
  2344 | D:3      | 2344 ||| DROPPING potion of attraction.
  2440 | D:4      | 2440 ||| FLEEEEING.
  2441 | D:4      | 2441 ||| FLEEEEING.
  2577 | D:4      | Found a blossoming altar of Fedhas.
  2588 | D:4      | 2588 ||| UPGRADING to scarf of repulsion.
  3058 | D:4      | 3058 ||| READING scroll labelled TOIV ULEKH.
  3159 | D:4      | 3159 ||| READING scroll labelled HUONOD IFELYKI.
  3211 | D:5      | Entered Level 5 of the Dungeon
  3291 | D:5      | Found an ornate altar of the Wu Jian Council.
  3295 | D:5      | Found a hide-covered altar of Uskayaw.
  3300 | D:5      | Found a shadowy altar of Dithmenos.
  3357 | D:5      | Found a white marble altar of Elyvilon.
  3657 | D:5      | Reached skill level 7 in Ranged Weapons
  3657 | D:5      | Reached XP level 7. HP: 35/35 MP: 8/8
  3730 | D:5      | Found a snail-covered altar of Cheibriados.
  3814 | D:5      | 3814 ||| FLEEEEING.
  3875 | D:5      | Reached skill level 8 in Ranged Weapons
  4079 | D:5      | 4079 ||| READING scroll labelled NYLYEX CULLOPP.
  4080 | D:5      | 4080 ||| READING scroll labelled QIHUOXT TYDDE.
  4081 | D:5      | 4081 ||| READING scroll labelled EDDOFO JUIVELE.
  4081 | D:5      | 4081 ||| ENCHANTING +1 shortbow.
  4082 | D:5      | 4082 ||| DRINKING 4 smoky pink potions.
  4127 | D:6      | Noticed Maggie
  4128 | D:6      | 4128 ||| RETREEEEATING.
  4129 | D:6      | 4129 ||| ZAPPING wand of iceblast (2) at 2,-2 (floor).
  4131 | D:6      | 4131 ||| RETREEEEATING.
  4132 | D:6      | 4132 ||| RETREEEEATING.
  4132 | D:6      | Found an opulent altar of Gozag.
  4132 | D:6      | Noticed Prince Ribbit
  4133 | D:6      | 4133 ||| ZAPPING wand of paralysis (5) at 7,2 (Prince
                  | Ribbit; floor).
  4134 | D:6      | 4134 ||| ZAPPING wand of paralysis (4) at 6,1 (Prince
                  | Ribbit; floor).
  4142 | D:6      | HP: 7/35 [poisoned by a killer bee]
  4142 | D:6      | HP: 1/35 [Prince Ribbit (6)]
  4143 | D:6      | 4143 ||| DRINKING 2 potions of heal wounds.
  4144 | D:6      | 4144 ||| DRINKING potion of heal wounds.
  4147 | D:6      | 4147 ||| ZAPPING wand of iceblast (1) at 2,0 (floor).
  4147 | D:6      | HP: 4/35 [Maggie/+0 long sword of distortion (12)]
  4147 | D:6      | Slain by a killer bee

Levels and vault maps discovered:
D:1:      nagdon_arrival_double_spiral, layout_rooms,
          ebering_ecumenical_altar_abandoned
D:2:      layout_rooms
D:3:      layout_basic, guppyfry_early_orc_mine, uniq_ijyb, uniq_natasha,
          uniq_terence
D:4:      layout_loops_ring, amcnicky_altar_gilded
D:5:      layout_cave_pods, cheibriados_altar_1,
          nicolae_overflow_macrodata_refinement, minmay_misc_feat_alley
D:6:      layout_basic, mainiacjoe_overflow_small_starburst,
          minmay_temple_entry_junction_2, columned_hall_lemuel, uniq_maggie,
          uniq_sigmund, uniq_prince_ribbit1, uniq_jeremiah

Skill      XL: |  1  2  3  4  5  6  7 |
---------------+----------------------+-----
Dodging        | 3 4 5 6 7 |  7.3
Ranged Weapons | 5 6 7 8 |  8.0
Fighting       | 2 |  2.3
Stealth        | |  1.5

Action                     |  1- 3 |  4- 6 |  7- 9 || total
---------------------------+-------+-------+-------++-------
   Fire: Shortbow          |   123 |   260 |    50 ||   433
  Evoke: Wand              |       |       |     4 ||     4
    Use: Scroll            |     3 |     7 |     3 ||    13
         Potion            |     1 |     2 |     3 ||     6
 Armour: Robe              |    15 |    37 |    17 ||    69
  Dodge: Dodged            |    52 |   132 |    51 ||   235
         Repelled          |       |       |     1 ||     1

Table legend:
 A = Non-vault XP
 B = Vault XP
 C = Vault XP percentage of total XP
 D = Non-vault monster count
 E = Vault monster count
 F = Vault count percentage of total count
                 A         B        C        D         E       F
            +---------+---------+-------+---------+---------+-------
      Total |    1163 |     123 |   9.6 |     103 |      10 |   8.8
            +---------+---------+-------+---------+---------+-------
        D:1 |      51 |       0 |   0.0 |      30 |       0 |   0.0
        D:2 |      98 |       0 |   0.0 |      27 |       0 |   0.0
        D:3 |     241 |     123 |  33.8 |      19 |      10 |  34.5
        D:4 |     131 |       0 |   0.0 |      15 |       0 |   0.0
        D:5 |     576 |       0 |   0.0 |      11 |       0 |   0.0
        D:6 |      66 |       0 |   0.0 |       1 |       0 |   0.0
            +---------+---------+-------+---------+---------+-------
